 Dungeon Crawl Stone Soup version 0.26-a0-259-g1effd001a9 (webtiles) character file.

Game seed: 9437871804511942630

0 Esekla the Skirmisher (level 1, -6/18 HPs)
             Began as a Formicid Abyssal Knight on July 10, 2020.
             Was a Follower of Lugonu.
             Mangled by a sixfirhy (7 damage)
             ... on level 2 of the Abyss.
             The game lasted 00:01:15 (143 turns).

Esekla the Skirmisher (Formicid Abyssal Knight)      Turns: 143, Time: 00:01:16

Health: -6/18      AC:  3    Str: 16    XL:     1   Next: 0%
Magic:  2/2        EV: 11    Int: 11    God:    Lugonu [*.....]
Gold:   19         SH:  0    Dex: 10    Spells: 0/0 levels left

rFire    . . .     SeeInvis +   a - +1 falchion
rCold    . . .     Faith    .   (no shield)
rNeg     . . .     Spirit   .   b - +0 leather armour
rPois    .         Reflect  .   (helmet unavailable)
rElec    .         Harm     .   (no cloak)
rCorr    .                      (no gloves)
MR       .....                  (no boots)
Stlth    +.........             (no amulet)
HPRegen  0.06/turn              (no ring)
MPRegen  0.08/turn              (no ring)

@: no status effects
A: permanent stasis, dig shafts and tunnels, four strong arms, antennae 3
a: Dig, Shaft Self, Depart the Abyss, Renounce Religion


You were on level 2 of the Abyss.
You worshipped Lugonu.
Lugonu was aware of your devotion.
You were not hungry.

You visited 0 branches of the dungeon, and saw 0 of its levels.
You visited the Abyss 1 time.

You collected 19 gold pieces.

Inventory:

Hand Weapons
 a - a +1 falchion (weapon)
Armour
 b - a +0 leather armour (worn)
Scrolls
 d - a scroll of identify {unknown}
Comestibles
 c - 2 rations


   Skills:
 + Level 3.2 Fighting
 + Level 2.0 Long Blades
 + Level 2.1 Armour
 + Level 0.8 Dodging
 + Level 2.1 Invocations


You couldn't memorise any spells.
You didn't know any spells.
Your spell library was empty.

Dungeon Overview and Level Annotations

Branches:
Dungeon (0/15)

Altars:


Innate Abilities, Weirdness & Mutations

You cannot be hasted, slowed, berserked, paralysed or teleported.
You can dig through walls and to a lower floor.
Your four strong arms can wield two-handed weapons with a shield.
You have a pair of large antennae on your head. (SInv)


Message History

Found a scroll labeled COXAUTYHOS.
d - a scroll labeled COXAUTYHOS
Found a gateway leading deeper into the Abyss.
There is a gateway leading deeper into the Abyss here.
You plunge deeper into the Abyss.
Beware, you cannot shaft yourself on this level.
Found 27 stones.
Found a shortbow.
Found a gateway leading out of the Abyss.
You see here a shortbow.
A kraken comes into view.
Tentacles burst out of the water! 2 tentacles come into view.
The sixfirhy closely misses you.
You riposte.
You miss the sixfirhy. The sixfirhy hits you! The sixfirhy shocks you!
Ouch! That really hurt!
* * * LOW HITPOINT WARNING * * *
The sixfirhy closely misses you. The sixfirhy hits you!
You die...

..## ###. .. .#. .. #
.# . #.#. . .#..
...##### # ..#..... .
.#. ...#.#.# .#...
.##.#. . ....#..####
... . . .... #....#.#.#
.##..#...#..
#.#.#....####. ##.## #
#.... ..#@..#.#... #..
. #....#.###3##..
..#.## ...#
#.3#...#.##### #.# .#..
..#...#..##..##.#
...#............#.....#
.#....#......#.##.#.###
#..##.#..#####...)..##
### #..... #..... #
#....#. ##...≈≈≈ ≈.


You could see a sixfirhy.

Vanquished Creatures (others)
  4 tentacles (Abyss:2)
4 creatures vanquished.

Notes
Turn   | Place    | Note
-------+----------+-------------------------------------------
     0 | Abyss:1  | Esekla the Formicid Abyssal Knight began the quest for the
                  | Orb.
     0 | Abyss:1  | Reached XP level 1. HP: 18/18 MP: 2/2
   125 | Abyss:2  | Noticed a kraken
   136 | Abyss:2  | Noticed a sixfirhy
   143 | Abyss:2  | Mangled by a sixfirhy

Illustrated notes

Levels and vault maps discovered:
Abyss:2:  evilmike_abyss_exit_kraken

Action                   || total
-------------------------++-------
Dodge: Dodged            ||     2
       Rpst.: Falchion   ||     1

Table legend:
 A = Non-vault XP
 B = Vault XP
 C = Vault XP percentage of total XP
 D = Non-vault monster count
 E = Vault monster count
 F = Vault count percentage of total count
                 A         B        C        D         E       F
            +---------+---------+-------+---------+---------+-------
      Total |       0 |       0 |   N/A |       0 |       0 |  -nan
            +---------+---------+-------+---------+---------+-------
            +---------+---------+-------+---------+---------+-------
